 Dungeon Crawl Stone Soup version 0.29-a0-317-gd16b76e6b1 (webtiles) character file.

Game seed: 3544676603660884545

12702 Gargoyl the Protected (level 11, -10/71 HPs)
             Began as a Gargoyle Abyssal Knight on Mar 31, 2022.
             Was a High Priest of Lugonu.
             Mangled by a minotaur
             ... wielding a +0 flail of protection
              (24 damage)
             ... in a Gauntlet.
             The game lasted 00:13:10 (11818 turns).

Gargoyl the Protected (Gargoyle Abyssal Knight)    Turns: 11818, Time: 00:13:10

Health: -10/71     AC: 30    Str: 19    XL:     11   Next: 97%
Magic:  22/22      EV: 10    Int: 11    God:    Lugonu [*****.]
Gold:   530        SH:  0    Dex: 22    Spells: 10/10 levels left

rFire   . . .      SeeInvis .   r - +4 hand axe (elec)
rCold   + + .      Faith    .   (no shield)
rNeg    + . .      Spirit   .   e - +1 chain mail
rPois   ∞          Reflect  .   (no helmet)
rElec   +          Harm     .   x - +3 cloak of the Barber Surgeon {Drain Fly rC+ MP+9}
rCorr   .          Rampage  .   (no gloves)
Will    .....      NoTele   +   J - +3 pair of boots of the Guild-Master {Drain rC+ Dex+4 Stlth+}
Stlth   ..........              E - amulet of regeneration
HPRegen 1.01/turn               b - +4 ring of slaying
MPRegen 0.18/turn               n - +6 ring of dexterity

@: flying
A: sickness immunity, AC +8, negative energy resistance 1, electricity
resistance, torment resistance 1, petrification resistance
a: Renounce Religion, Depart the Abyss, Bend Space, Banish, Corrupt, Enter the
Abyss


You were in a Gauntlet.
You worshipped Lugonu.
Lugonu was extremely pleased with you.
You visited 1 branch of the dungeon, and saw 11 of its levels.
You visited the Abyss 1 time.
You also visited: Gauntlet.

You collected 710 gold pieces.
You spent 180 gold pieces at shops.

Inventory:

Hand Weapons
 a - a +2 hand axe of flaming
 r - a +4 hand axe of electrocution (weapon)
 K - the +6 spear "Death Rattle" {drain, *Noise rN+ MP+9}
   (You found it on level 10 of the Dungeon)

   A truly terrible weapon, it drains the life of any living foe it strikes.
   rN:        It protects you from negative energy.
   MP:        It affects your magic capacity (+9).
   *Noise:    It may make noises in combat.
 M - the +9 mace of the Dancing Seer {drain, Int+3}
   (You found it in a Gauntlet)

   A truly terrible weapon, it drains the life of any living foe it strikes.
   Int:       It affects your intelligence (+3).
Missiles
 p - 2 javelins
 B - 2 poisoned darts (quivered)
Armour
 e - a +1 chain mail (worn)
 x - the +3 cloak of the Barber Surgeon (worn) {Drain Fly rC+ MP+9}
   (You bought it in a shop on level 7 of the Dungeon)

   rC:        It protects you from cold.
   MP:        It affects your magic capacity (+9).
   Fly:       It grants you flight.
   Drain:     It drains your maximum health when unequipped.
 J - the +3 pair of boots of the Guild-Master (worn) {Drain rC+ Dex+4 Stlth+}
   (You found it in a Gauntlet)

   Dex:       It affects your dexterity (+4).
   rC:        It protects you from cold.
   Drain:     It drains your maximum health when unequipped.
   Stlth:     It makes you more stealthy.
Jewellery
 b - a +4 ring of slaying (left hand)
 n - a +6 ring of dexterity (right hand)
 E - an amulet of regeneration (around neck)
 G - a ring of flight
Wands
 i - a wand of flame (18)
 A - a wand of charming (8)
 C - a wand of digging (6)
 F - a wand of iceblast (4)
Scrolls
 m - 4 scrolls of magic mapping
 u - 3 scrolls of teleportation
 y - a scroll of fear
 H - a scroll of brand weapon
 I - a scroll of fog
 L - a scroll of enchant armour
Potions
 c - 2 potions of heal wounds
 d - 4 potions of flight
 f - a potion of haste
 g - 6 potions of curing
 h - 4 potions of resistance
 j - 3 potions of berserk rage {unknown}
 k - 2 potions of attraction {unknown}
 l - 2 potions of magic {unknown}
 o - a potion of cancellation {unknown}
 q - a potion of mutation {unknown}
 s - a potion of brilliance {unknown}
 t - 8 potions of degeneration {unknown}
 v - a potion of ambrosia {unknown}
 w - a potion of lignification {unknown}
 z - a potion of might {unknown}
 D - a potion of experience {unknown}


   Skills:
 + Level 9.4 Fighting
 + Level 11.3 Axes
 + Level 1.5 Throwing
 + Level 12.0 Armour
 + Level 3.1 Dodging
 + Level 1.9 Stealth
 + Level 3.1 Invocations


You had 10 spell levels left.
You didn't know any spells.
Your spell library contained the following spells:

 Spells                   Type           Power      Damage    Failure   Level
 Static Discharge         Conj/Air       0%         N/A       98%         2
 Call Canine Familiar     Summ           0%         N/A       100%        3
 Gell's Gravitas          Tloc           0%         N/A       100%        3
 Inner Flame              Hex/Fire       0%         N/A       100%        3
 Lesser Beckoning         Tloc           0%         N/A       100%        3
 Ozocubu's Armour         Ice            0%         N/A       100%        3
 Portal Projectile        Hex/Tloc       0%         N/A       100%        3
 Teleport Other           Tloc           0%         N/A       100%        3
 Cause Fear               Hex            0%         N/A       100%        4
 Dispel Undead            Necr           0%         3d6       100%        4
 Leda's Liquefaction      Hex/Erth       0%         N/A       100%        4
 Sticky Flame             Conj/Fire      0%         2d3       100%        4
 Dispersal                Tloc           0%         N/A       100%        6
 Ozocubu's Refrigeration  Ice            0%         4d5       100%        7
 Discord                  Hex            0%         N/A       100%        8
 Disjunction              Tloc           0%         N/A       100%        8


Dungeon Overview and Level Annotations

Branches:
Dungeon (11/15)            Temple (0/1) D:7            Lair (0/6) D:11
Gauntlet (1/1)
    Orc: D:9-12

Altars:
Trog

Shops:
D:6 (   D:7 *

Annotations:
Gauntlet 1 transporter, corrupted


Innate Abilities, Weirdness & Mutations

You are immune to sickness and miasma.
Your stone body is resilient. (AC +8)
You are immune to poison.
You resist negative energy. (rN+)
You are resistant to electric shocks. (rElec)
You are resistant to unholy torment.
You are immune to petrification.


Message History

The minotaur gores you.
You hit the minotaur but do no damage. You slash the minotaur!
The minotaur is lightly wounded.
The minotaur hits you but does no damage.
The minotaur gores you but does no damage.
You barely miss the minotaur.
The minotaur furiously retaliates!
The minotaur headbutts you, but does no damage.
The minotaur is lightly wounded.
The minotaur hits you but does no damage.
The minotaur gores you!
Unknown command.
You hit the minotaur but do no damage.
Lightning courses through the minotaur!!
The minotaur is moderately wounded.
The minotaur hits you with a +0 flail of protection.
The minotaur gores you but does no damage.
You hit the minotaur but do no damage. Lightning courses through the minotaur!
The minotaur is heavily wounded.
The minotaur hits you with a +0 flail of protection!
The minotaur gores you!
Unknown command.
You barely miss the minotaur.
The minotaur furiously retaliates!
The minotaur headbutts you, but does no damage.
The minotaur is heavily wounded.
Unknown command.
You hit the minotaur but do no damage.
The minotaur is heavily wounded.
The minotaur hits you with a +0 flail of protection!
The minotaur barely misses you.
Unknown command.
You slash the minotaur!
The minotaur is heavily wounded.
The minotaur hits you but does no damage.
The minotaur gores you!
* * * LOW HITPOINT WARNING * * *
You hit the minotaur but do no damage.
The minotaur is heavily wounded.
The minotaur hits you with a +0 flail of protection!!
You die...

#############
#...........#
#.#########.# ##.#..
#.## #..#.### #..#
#.##.#⌠.⌠####.#
#.#..#.∩.H@.#.#
#...##⌠.⌠##.#.#
#.#.#######.#.#
#.#.........#.#
#.###########.# ###..
........#.#
#.#######.###..####
#.......#....#...≈#
####8#..##.©#©....#.8#
# ##


You could see a minotaur.

Vanquished Creatures
  A boulder beetle (D:10)
  A two-headed ogre (D:10)
  A death drake (Gauntlet)
  A deep elf pyromancer (D:9)
  2 ugly things (D:10)
  A cyclops (D:10)
  A spectral centaur (Gauntlet)
  A moth of wrath (Gauntlet)
  A centaur zombie (Gauntlet)
  2 trolls
  A meliai (D:10)
  A slime creature (shapeshifter) (Gauntlet)
  A tarantella (shapeshifter) (D:10)
  Sigmund (D:2)
  5 flying skulls (Gauntlet)
  A shadow (D:10)
  A wraith (D:10)
  10 yaks
  A wyvern (D:7)
  2 vampire mosquitoes (D:10)
  The ghost of nuaici the Magician, an amateur DjCj (D:3)
  A steam dragon (D:6)
  2 water moccasins
  The ghost of Oshino the Sneak, an amateur SpBr (D:3)
  2 ice beasts
  A sky beast (D:7)
  3 orc warriors
  A black bear (D:6)
  2 ogres (D:5)
  6 wolves (Gauntlet)
  6 centaurs
  A kobold brigand (D:7)
  2 phantoms (D:6)
  A scorpion (shapeshifter) (Gauntlet)
  5 bullfrogs
  A gnoll sergeant (D:7)
  A necrophage (D:4)
  A scorpion (D:5)
  3 howler monkeys (D:9)
  2 hounds (D:7)
  A gnoll shaman (D:9)
  4 orc priests
  4 iguanas
  14 orc wizards
  14 gnolls
  6 adders
  2 shadow imps (D:7)
  3 ufetubi
  A worm (D:4)
  2 dart slugs
  34 orcs
  4 bats
  9 endoplasms
  5 giant cockroaches
  5 goblins
  A hobgoblin (D:1)
  A jackal (D:1)
  12 kobolds
  5 quokkas
  5 ball pythons
  3 frilled lizards
  8 rats
222 creatures vanquished.

Vanquished Creatures (collateral kills)
  A gnoll sergeant (D:7)
  5 gnolls (D:7)
6 creatures vanquished.

Vanquished Creatures (others)
  A thrashing horror (Gauntlet)
  5 flying skulls (Gauntlet)
  2 small abominations (Gauntlet)
  4 plants (D:5)
  4 starspawn tentacles (Gauntlet)
16 creatures vanquished.

Grand Total: 244 creatures vanquished

Notes
Turn   | Place    | Note
-------+----------+-------------------------------------------
     0 | Abyss:1  | Gargoyl the Gargoyle Abyssal Knight began the quest for the
                  | Orb.
     0 | Abyss:1  | Reached XP level 1. HP: 14/14 MP: 2/2
   223 | Abyss:1  | Found a corrupted altar of Lugonu.
   229 | D:1      | Escaped the Abyss
   456 | D:1      | Reached ** piety under Lugonu
   457 | D:1      | Reached XP level 2. HP: 8/19 MP: 3/3
   824 | D:1      | Reached skill level 1 in Dodging
  1156 | D:1      | Reached XP level 3. HP: 23/23 MP: 4/4
  2094 | D:2      | Found a faded altar of an unknown god.
  2573 | D:2      | Noticed Sigmund
  2588 | D:2      | Killed Sigmund
  2589 | D:2      | Reached skill level 3 in Armour
  2589 | D:2      | Reached XP level 4. HP: 14/29 MP: 5/5
  2589 | D:2      | Reached XP level 5. HP: 16/33 MP: 6/6
  2783 | D:2      | Reached XP level 6. HP: 37/38 MP: 7/7
  3496 | D:3      | Found a runed translucent gate.
  3496 | D:3      | Found a runed translucent gate.
  3496 | D:3      | Found a runed translucent gate.
  3497 | D:3      | Noticed nuaici's ghost (amateur DjCj)
  3498 | D:3      | Noticed Oshino's ghost (amateur SpBr)
  3722 | D:3      | Killed nuaici's ghost
  3723 | D:3      | Reached skill level 4 in Armour
  3726 | D:3      | Killed Oshino's ghost
  3727 | D:3      | Reached skill level 5 in Axes
  3727 | D:3      | Reached XP level 7. HP: 29/44 MP: 8/8
  4139 | D:4      | Reached *** piety under Lugonu
  4368 | D:4      | Reached skill level 5 in Armour
  4837 | D:5      | Entered Level 5 of the Dungeon
  4999 | D:5      | Reached skill level 5 in Fighting
  5015 | D:5      | Reached XP level 8. HP: 49/49 MP: 9/9
  5273 | D:5      | Reached skill level 6 in Armour
  6289 | D:6      | Reached skill level 7 in Armour
  6361 | D:6      | Found Rateke Duiz's Antique Weapon Shoppe.
  6456 | D:6      | Reached skill level 1 in Stealth
  6456 | D:6      | Reached XP level 9. HP: 47/55 MP: 10/10
  6737 | D:7      | Reached **** piety under Lugonu
  7245 | D:7      | Reached skill level 8 in Armour
  7466 | D:7      | Found a staircase to the Ecumenical Temple.
  7745 | D:7      | Found Qumo's Assorted Antiques.
  7750 | D:7      | Bought a shimmering cloak for 180 gold pieces
  7750 | D:7      | Identified the +3 cloak of the Barber Surgeon {Drain Fly
                  | rC+ MP+9} (You bought it in a shop on level 7 of the
                  | Dungeon)
  8240 | D:8      | Reached XP level 10. HP: 48/61 MP: 11/11
  8257 | D:8      | Reached skill level 9 in Armour
  9133 | D:9      | Found a bloodstained altar of Trog.
  9274 | D:9      | Noticed a deep elf pyromancer
  9287 | D:9      | Killed a deep elf pyromancer
  9937 | D:10     | Entered Level 10 of the Dungeon
 10165 | D:10     | Noticed a brown ugly thing
 10165 | D:10     | Noticed a cyclops
 10221 | D:10     | Reached skill level 10 in Axes
 10221 | D:10     | Reached skill level 10 in Armour
 10227 | D:10     | Reached ***** piety under Lugonu
 10339 | D:10     | Noticed a two-headed ogre
 10347 | D:10     | Killed a two-headed ogre
 10348 | D:10     | Reached XP level 11. HP: 51/69 MP: 12/12
 10784 | D:10     | Killed a cyclops
 10785 | D:10     | Reached skill level 1 in Throwing
 10832 | D:10     | Identified the ring of Tinaptua {rCorr Int+2 Slay-4 SInv}
 11008 | D:10     | Identified the +6 spear "Death Rattle" {drain, *Noise rN+
                  | MP+9}
 11038 | D:10     | Killed a brown ugly thing
 11039 | D:10     | Reached skill level 11 in Armour
 11092 | D:11     | Noticed a brown ugly thing
 11092 | D:11     | Found a staircase to the Lair.
 11121 | D:10     | Killed a brown ugly thing
 11168 | D:11     | Noticed a boulder beetle
 11198 | D:10     | Killed a boulder beetle
 11307 | D:11     | Found a gate leading to a gauntlet.
 11331 | Gauntlet | Entered a Gauntlet
 11331 | Gauntlet | Noticed a death drake
 11331 | Gauntlet | Found a transporter.
 11331 | Gauntlet | Found a transporter.
 11359 | Gauntlet | Found a transporter.
 11359 | Gauntlet | Found a transporter.
 11363 | Gauntlet | Found a transporter.
 11366 | Gauntlet | Found the ring of the Mage {Wiz Archmagi}
 11371 | Gauntlet | Noticed a thrashing horror
 11372 | Gauntlet | Found a transporter.
 11373 | Gauntlet | Found a transporter.
 11387 | Gauntlet | Corrupted Gauntlet
 11387 | Gauntlet | Noticed a blizzard demon
 11387 | Gauntlet | Noticed a tentacled starspawn
 11387 | Gauntlet | Noticed a blizzard demon
 11387 | Gauntlet | Noticed a large abomination
 11387 | Gauntlet | Noticed an eidolon
 11450 | Gauntlet | Killed a thrashing horror
 11462 | Gauntlet | Killed a death drake
 11489 | Gauntlet | Noticed a tentacled starspawn
 11498 | Gauntlet | Identified the +3 pair of boots of the Guild-Master {Drain
                  | rC+ Dex+4 Stlth+}
 11567 | Gauntlet | Found a transporter.
 11575 | Gauntlet | Noticed a moth of wrath
 11579 | Gauntlet | Found a transporter.
 11668 | Gauntlet | Found a transporter.
 11673 | Gauntlet | Noticed a harpy
 11676 | Gauntlet | Noticed a fire crab
 11700 | Gauntlet | Killed a moth of wrath
 11701 | Gauntlet | Reached skill level 12 in Armour
 11701 | Gauntlet | Noticed a two-headed ogre
 11721 | Gauntlet | Found a transporter.
 11739 | Gauntlet | Found a transporter.
 11743 | Gauntlet | Identified the +9 mace of the Dancing Seer {drain, Int+3}
 11807 | Gauntlet | Noticed a minotaur
 11818 | Gauntlet | Mangled by a minotaur

Illustrated notes

Levels and vault maps discovered:
D:1:      lemuel_arrival_funnel, layout_loops_corners, st_stairs_10,
          hangedman_decor_growths, minmay_quantized
D:2:      layout_basic, dreamdust_ecumenical_altar_angels_and_demons,
          uniq_sigmund
D:3:      layout_basic, gammafunk_ghost_cemetery
D:4:      layout_cave_pods
D:5:      layout_loops_ring, minmay_crystal_water, serial_bayou_crossing
D:6:      layout_rooms, serial_shops, nicolae_shop_window_shopping
D:7:      layout_loops_ring, minmay_temple_entry_mist, serial_shops,
          kennysheep_little_box
D:8:      layout_basic, serial_aquarium, aquarium_bridge_straight
          [aquarium_subvault_bridge, aquarium_subvault_window,
          aquarium_subvault_bridge, aquarium_subvault_wall],
          aquarium_bridge_straight [aquarium_subvault_bridge,
          aquarium_subvault_balcony, aquarium_subvault_bridge,
          aquarium_subvault_wall], aquarium_window_corridor_1,
          aquarium_window_2, aquarium_window_corner, aquarium_view_2c,
          aquarium_view_2b, aquarium_pool_1
D:9:      layout_stronghold, mainiacjoe_overflow_boulevard
D:10:     layout_irregular_city, minmay_diamond_spiral
D:11:     layout_big_octagon, lair_entry_dummy, gauntlet_entry_generic,
          lightli_wizard_tower
Gauntlet: gammafunk_gauntlet_shortcut [nicolae_gauntlet_arena_x,
          nicolae_gauntlet_swirl, gammafunk_gauntlet_arena_grid,
          gammafunk_gauntlet_arena_teeth, gammafunk_gauntlet_arena_open,
          nicolae_gauntlet_arena_grate_2, dreamdust_gauntlet_exit_labyrinth]

Skill      XL: |  1  2  3  4  5  6  7  8  9 10 11 |
---------------+----------------------------------+-----
Axes           | 2 4 5 7 8 10 11 | 11.3
Dodging        | 1 2 3 |  3.1
Fighting       | 4 5 6 8 9 |  9.4
Armour         | 3 4 5 7 8 10 12 | 12.0
Stealth        | 1 |  1.9
Throwing       | 1 |  1.5
Invocations    | 3 |  3.1

Action                   |  1- 3 |  4- 6 |  7- 9 | 10-12 || total
-------------------------+-------+-------+-------+-------++-------
Melee: Hand axe          |   102 |    56 |   257 |   337 ||   752
       Punch             |     2 |     1 |     5 |     9 ||    17
Throw: Javelin           |       |       |     2 |     4 ||     6
       Dart              |       |       |       |     3 ||     3
Invok: Depart the Abyss  |     1 |       |       |       ||     1
       Bend Space        |       |       |       |     2 ||     2
       Corrupt           |       |       |       |     1 ||     1
  Use: Scroll            |     4 |     7 |     4 |     6 ||    21
       Potion            |       |       |       |     2 ||     2
 Stab: Distracted        |       |       |       |     1 ||     1
Armor: Leather armour    |     9 |       |       |       ||     9
       Chain mail        |    66 |    48 |   168 |   254 ||   536
       Ring mail         |    10 |       |       |       ||    10
Dodge: Dodged            |    64 |    32 |   106 |   177 ||   379

Table legend: (Time is in decaauts)
 A = Elapsed time spent in this place.
 B = Non-inter-level travel time spent in this place.
 C = Inter-level travel time spent in this place.
 D = Time resting spent in this place.
 E = Time spent auto-exploring this place.
 F = Levels seen in this place.
 G = Mean time per level.
                   A        B        C        D        E       F      G
               +--------+--------+--------+--------+--------+-----+--------+
         Total |  11789 |  11372 |    417 |    113 |   9032 |  13 |  906.8 |
       Dungeon |  11087 |  10670 |    417 |     60 |   8812 |  11 | 1007.9 |
         Abyss |    229 |    229 |      0 |      0 |    220 |   1 |  229.0 |
      Gauntlet |    472 |    472 |      0 |     53 |      0 |   1 |  472.0 |
               +--------+--------+--------+--------+--------+-----+--------+

Top non-repeatable levels by time:
     D:1: 1379 daAuts
     D:7: 1325 daAuts
    D:10: 1277 daAuts
     D:2: 1269 daAuts
     D:9: 1073 daAuts
     D:5: 1058 daAuts
     D:3: 1020 daAuts
     D:4: 962 daAuts
     D:8: 915 daAuts
     D:6: 718 daAuts
Gauntlet: 472 daAuts
 Abyss:1: 229 daAuts
    D:11: 87 daAuts
